 Dungeon Crawl Stone Soup version 0.21.1-1-g345015f (webtiles) character file.

25 tidbits the Insei (level 3, -1/28 HPs)
             Began as a Gnoll Transmuter on Feb 16, 2018.
             Slain by an adder (4 damage)
             ... on level 2 of the Dungeon.
             The game lasted 00:01:30 (140 turns).

tidbits the Insei (Gnoll Transmuter)                 Turns: 140, Time: 00:01:31

Health: -1/28      AC:  2    Str: 12    XL:     3   Next: 6%
Magic:  5/9        EV: 14    Int: 16    God:
Gold:   34         SH:  0    Dex: 15    Spells: 8/11 levels left

rFire    . . .     SeeInvis .     - Unarmed
rCold    . . .     Gourm    .   (no shield)
rNeg     . . .     Faith    .   b - +0 robe
rPois    .         Spirit   .   (no helmet)
rElec    .         Reflect  .   (no cloak)
rCorr    .         Harm     .   (no gloves)
MR       .....                  (no boots)
Stlth    ++........             (no amulet)
HPRegen  0.09/turn              (no ring)
MPRegen  0.11/turn              (no ring)

@: lethally poisoned (-1 -> -7), appendage (expiring)
A: distributed training, fangs 1, horns 2, strong nose
a: End Transformation


You were on level 2 of the Dungeon.
You were not hungry.
You had grown temporary horns.
You visited 1 branch of the dungeon, and saw 2 of its levels.

You collected 34 gold pieces.

Inventory:

Hand Weapons
 e - a +0 short sword
 f - a +0 dagger
 g - a +0 hunting sling
Missiles
 a - 11 arrows
 h - 16 stones (quivered)
Armour
 b - a +0 robe (worn)
Books
 c - a book of Changes

   Spells                             Type                      Level
   a - Beastly Appendage              Transmutation                1
   b - Sticks to Snakes               Transmutation                2
   c - Spider Form                    Transmutation/Poison         3
   d - Ice Form                       Ice/Transmutation            4
   e - Blade Hands                    Transmutation                5
Comestibles
 d - a ration


   Skills:
 + Level 2.5 Fighting
 + Level 0.5 Short Blades
 + Level 0.5 Long Blades
 + Level 0.5 Axes
 + Level 0.5 Maces & Flails
 + Level 0.5 Polearms
 + Level 0.5 Staves
 + Level 0.5 Slings
 + Level 0.5 Bows
 + Level 0.5 Crossbows
 + Level 0.5 Throwing
 + Level 0.5 Armour
 + Level 4.5 Dodging
 + Level 0.5 Stealth
 + Level 0.5 Shields
 + Level 6.5 Unarmed Combat
 + Level 4.9 Spellcasting
 + Level 0.4 Conjurations
 + Level 0.4 Hexes
 + Level 0.4 Charms
 + Level 0.4 Summonings
 + Level 0.4 Necromancy
 + Level 0.4 Translocations
 + Level 3.7 Transmutations
 + Level 0.4 Fire Magic
 + Level 0.4 Ice Magic
 + Level 0.4 Air Magic
 + Level 0.4 Earth Magic
 + Level 0.4 Poison Magic
 + Level 0.7 Invocations
 + Level 0.5 Evocations


You had 8 spell levels left.
You knew the following spells:

 Your Spells              Type           Power        Failure   Level  Hunger
e - Beastly Appendage     Tmut           ###...       3%          1    None
k - Sticks to Snakes      Tmut           ###.....     4%          2    ##.....


Dungeon Overview and Level Annotations

Branches:
Dungeon (2/15)

Altars:


Innate Abilities, Weirdness & Mutations

Your experience applies equally to all skills.
You have very sharp teeth.
Your uncanny sense of smell can sniff out nearby items.
You have a pair of horns on your head.


Message History

Confirm with . or Enter, or press ? or * to list all spells.
You extend your transformation's duration.
A bat comes into view.
The bat hits you but does no damage.
You miss the bat. The bat barely misses you.
You closely miss the goblin. You bite the goblin, but do no damage.
You barely miss the goblin. The goblin barely misses you.
You barely miss the goblin. Your bite misses the goblin.
The goblin barely misses you.
You hit the goblin.
You kill the goblin!
The bat barely misses you.
A jackal comes into view.
You barely miss the bat. The bat barely misses you.
The jackal bites you but does no damage.
Unknown command.
The jackal barks!
You hit the jackal.
The jackal is heavily wounded.
You hear a bark!
You hear a shout!
The jackal bites you but does no damage.
A jackal comes into view.
You closely miss the jackal.
The jackal is heavily wounded.
The jackal barely misses you.
You hit the jackal.
You kill the jackal!
The bat barely misses you.
A jackal comes into view.
Casting: Beastly Appendage
Confirm with . or Enter, or press ? or * to list all spells.
You miscast Beastly Appendage.
You are very lightly contaminated with residual magic.
You feel a strange surge of energy!
The jackal barks!
The bat misses you.
You completely miss the jackal. The jackal barely misses you.
A goblin comes into view.
You hit the jackal.
You kill the jackal!
The bat hits you. x2
You hit the bat but do no damage. The bat misses you.
You hit the bat.
You kill the bat!
The jackal bites you.
You hit the jackal but do no damage. The jackal barely misses you.
You barely miss the jackal. Your headbutt misses the jackal.
The jackal barely misses you.
You punch the jackal!
You kill the jackal!
You completely miss the jackal. The jackal barely misses you.
You hit the jackal.
The jackal is heavily wounded.
Your transformation is almost over.
The jackal bites you but does no damage.
You barely miss the jackal.
You kill the jackal!
You have reached level 3!
Your experience leads to an increase in your attributes!
Increase (S)trength, (I)ntelligence, or (D)exterity?
You feel clever.
Casting: Beastly Appendage
Confirm with . or Enter, or press ? or * to list all spells.
You extend your transformation's duration.
The goblin hits you.
* * * LOW HITPOINT WARNING * * *
You punch the goblin!
You kill the goblin!
Items here: ( )) †† a hunting sling; 16 stones; a dagger; a jackal corpse; a goblin corpse
f - a dagger;
g - a hunting sling;
h - 16 stones Your transformation is almost over.
An adder comes into view.
Found a scroll labeled YXZIRPHAESSA and a white potion.
Casting: Beastly Appendage
Confirm with . or Enter, or press ? or * to list all spells.
You extend your transformation's duration.
Casting: Beastly Appendage
Confirm with . or Enter, or press ? or * to list all spells.
You create a snake!
You now have 11 arrows.
The adder misses you.
Your magical contamination has completely faded away.
You closely miss the adder. The adder bites you.
* * * LOW HITPOINT WARNING * * *
You are poisoned.
The adder poisons you!
You closely miss the adder. Your headbutt misses the adder.
You feel sick. The adder bites you.
* * * LOW HITPOINT WARNING * * *
You barely miss the adder.
Your transformation is almost over.
The adder bites you.
* * * LOW HITPOINT WARNING * * *
You are lethally poisoned!
The adder poisons you!
Your ball python closely misses the adder. x2
You punch the adder!
The adder is severely wounded.
* * * LOW HITPOINT WARNING * * *
You feel sick. The adder bites you.
You die...

#.##................
#.##................
#.##....##..........
###.#####..†..........
#....# ####..........
###..# #...........
##†# ###......... #.#
#......... #.#
#@........ #.#
#.SS........ ####.#
#........... #.<..#
............. ######
..............
................
?..............
#######......!.


You could see an adder and a friendly ball python.

Vanquished Creatures
  An adder (D:2)
  A leopard gecko (D:2)
  3 bats
  3 goblins (D:2)
  4 jackals (D:2)
  A frilled lizard (D:2)
  A rat (D:1)
14 creatures vanquished.

Notes
Turn   | Place    | Note
-------+----------+-------------------------------------------
     0 | D:1      | tidbits the Gnoll Transmuter began the quest for the Orb.
     0 | D:1      | Reached XP level 1. HP: 17/17 MP: 6/6
    78 | D:2      | Reached XP level 2. HP: 20/23 MP: 7/7
    89 | D:2      | Learned a level 2 spell: Sticks to Snakes
   125 | D:2      | Reached XP level 3. HP: 15/28 MP: 7/9
   140 | D:2      | Slain by an adder

Action                   || total
-------------------------++-------
Melee: Unarmed           ||    45
       Punch             ||     2
       Headbutt          ||     2
       Bite              ||     2
 Cast: Beastly Appendage ||     7
       Sticks to Snakes  ||     1
 Stab: Sleeping          ||     1
Armor: Robe              ||     8
Dodge: Dodged            ||    26

Table legend:
 A = Turns spent in this place as a percentage of turns spent in the entire game.
 B = Non-inter-level travel turns spent in this place as a percentage of non-inter-level travel turns spent in the entire game.
 C = Inter-level travel turns spent in this place as a percentage of turns spent in this place.
 D = Turns resting spent in this place as a percentage of non-inter-level travel turns spent in this place.
 E = Turns spent auto-exploring this place as a percentage of non-inter-level travel turns spent in this place.
 F = Non-inter-level travel turns spent in this place divided by the number of levels of this place that you've seen.
                   A       B       C       D       E      F
               +-------+-------+-------+-------+-------+----------------------
         Total | 100.0 | 100.0 |   0.0 |   0.0 |   0.0 |  70.0
       Dungeon | 100.0 | 100.0 |   0.0 |   0.0 |   0.0 |  70.0
               +-------+-------+-------+-------+-------+----------------------

Table legend:
 A = Kills in this place as a percentage of kills in entire the game.
 B = Kills by you in this place as a percentage of kills by you in the entire game.
 C = Kills by friends in this place as a percentage of kills by friends in the entire game.
 D = Other kills in this place as a percentage of other kills in the entire game.
 E = Experience gained in this place as a percentage of experience gained in the entire game.
 F = Experience gained in this place divided by the number of levels of this place that you have seen.
                   A       B       C       D       E      F
               +-------+-------+-------+-------+-------+----------------------
         Total | 100.0 | 100.0 |   N/A |   N/A | 100.0 |  18.5
       Dungeon | 100.0 | 100.0 |   N/A |   N/A | 100.0 |  18.5
               +-------+-------+-------+-------+-------+----------------------

Vault maps used:
D:1:      lightli_arrival_lavapool, minmay_pentomino_t2
